 Dungeon Crawl Stone Soup version 0.28-a0-1412-gf95308ed99 (webtiles) character file.

Game seed: 15415854433227651899

200481 Deminshera the Devastator (level 19, -4/149 HPs)
             Began as a Human Conjurer on Jan 7, 2022.
             Was the Champion of Vehumet.
             Killed from afar by Arachne (19 damage)
             ... with a bolt of poison
             ... on level 2 of the Spider Nest on Jan 8, 2022.
             The game lasted 02:01:53 (69057 turns).

Deminshera the Devastator (Human Conjurer)         Turns: 69057, Time: 02:01:54

Health: -4/149     AC: 18    Str: 11    XL:     19   Next: 68%
Magic:  0/16       EV:  7    Int: 25    God:    Vehumet [******]
Gold:   1906       SH:  0    Dex: 12    Spells: 0/44 levels left

rFire   . . .      SeeInvis .   t - +5 demon whip "Spellbinder" {antimagic, Will+}
rCold   . . .      Faith    .   U - +3 warlock's mirror {reflect}
rNeg    + . .      Spirit   +   M - +4 moon troll leather armour {Spirit, Regen++ MP+5}
rPois   .          Reflect  +   Q - +2 hood of the Assassin {Detection Stab+ Stlth++}
rElec   +          Harm     .   h - +2 cloak of the Unstoppable Runes {Fly Will+}
rCorr   .          Rampage  .   S - +0 pair of gloves
Will    ++++.                   p - +1 pair of boots {Stlth+}
Stlth   +++++++...              u - amulet "Xaah" {Acrobat +Blink Regen+ Str+2}
HPRegen 2.74/turn               d - ring of Circularity {*Slow rElec rN+ MP+9}
MPRegen 0.15/turn               W - ring of willpower

@: lethally poisoned (-4 -> -6), flying, very slightly contaminated, held
A: no striking features
a: Renounce Religion, Evoke Blink


You were on level 2 of the Spider Nest.
You worshipped Vehumet.
Vehumet was exalted by your worship.
You visited 6 branches of the dungeon, and saw 29 of its levels.
You also visited: Volcano and Desolation.

You collected 3670 gold pieces.
You spent 1764 gold pieces at shops.

Inventory:

Hand Weapons
 j - the +9 dagger "Anuoch" {vorpal, rPois rF++ Will+}
   (You found it on level 8 of the Dungeon)

   It inflicts extra damage upon your enemies.
   rF:        It greatly protects you from fire.
   rPois:     It protects you from poison.
   Will:      It increases your willpower.
 t - the +5 demon whip "Spellbinder" (weapon) {antimagic, Will+}
   (You took it off a deep elf demonologist on level 3 of the Elven Halls)

   It reduces the magical energy of the wielder, and disrupts the spells and
   magical abilities of those it strikes.
   Natural abilities and divine invocations are not affected.
   It unleashes wild and unpredictable magical effects upon striking a wizard or
   a creature with magical abilities.
   Will:      It increases your willpower.
 z - the +8 war axe of Fate {vorpal, rC+ Str+3}
   (You took it off a deep elf elementalist on level 3 of the Elven Halls)

   It inflicts extra damage upon your enemies.
   Str:       It affects your strength (+3).
   rC:        It protects you from cold.
Armour
 h - the +2 cloak of the Unstoppable Runes (worn) {Fly Will+}
   (You found it on level 3 of the Elven Halls)

   Fly:       It grants you flight.
   Will:      It increases your willpower.
 p - a +1 pair of boots of stealth (worn)
 M - the +4 moon troll leather armour (worn) {Spirit, Regen++ MP+5}
   (You acquired it on level 1 of the Lair of Beasts)

   MP:        It affects your magic capacity (+5).
   Regen:     It increases your rate of health regeneration.
 Q - the +2 hood of the Assassin (worn) {Detection Stab+ Stlth++}
   (You bought it in a shop on level 2 of the Elven Halls)

   It allows the wearer to sense nearby creatures.
   It allows the wearer to make particularly effective stabbing attacks against
   helpless or unaware enemies with any weapon.
   Stlth:     It makes you much more stealthy.
 S - a +0 pair of gloves (worn)
 U - the +3 warlock's mirror (worn) {reflect}
   (You found it on level 14 of the Dungeon)

   It can block and reflect piercing ranged attacks and magical attacks against
   the wielder's willpower.
Magical Staves
 E - a staff of earth
Jewellery
 b - a ring of see invisible
 d - the ring of Circularity (left hand) {*Slow rElec rN+ MP+9}
   (You found it in the Desolation of Salt)

   [ring of positive energy]

   rElec:     It insulates you from electricity.
   rN:        It protects you from negative energy.
   MP:        It affects your magic capacity (+9).
   *Slow:     It may slow you when you take damage.
 l - a ring of protection from fire
 m - a ring of resist corrosion
 u - the amulet "Xaah" (around neck) {Acrobat +Blink Regen+ Str+2}
   (You found it in the Desolation of Salt)

   [amulet of the acrobat]

   It increases your evasion while moving and waiting.
   Str:       It affects your strength (+2).
   +Blink:    It lets you blink.
   Regen:     It increases your rate of health regeneration.
 W - a ring of willpower (right hand)
Wands
 q - a wand of iceblast (20)
 x - a wand of charming (5)
 B - a wand of acid (17)
 I - a wand of paralysis (2)
 K - a wand of digging (8)
Scrolls
 f - 11 scrolls of immolation
 g - a scroll of silence
 i - 7 scrolls of fog
 k - a scroll of teleportation
 n - a scroll of magic mapping
 r - a scroll of enchant weapon
 D - 5 scrolls of amnesia
 G - 3 scrolls of holy word
 L - 4 scrolls of fear
 P - 11 scrolls of identify
Potions
 a - 6 potions of flight
 c - 5 potions of curing
 e - 7 potions of might
 o - 2 potions of resistance
 s - 2 potions of cancellation
 w - 7 potions of attraction
 A - 5 potions of lignification
 C - 2 potions of haste
 F - a potion of magic
 H - 2 potions of berserk rage
 J - a potion of mutation
Miscellaneous
 N - a condenser vane


   Skills:
 - Level 13.0 Fighting
 - Level 7.0 Armour
 - Level 7.0 Dodging
 - Level 10.0 Stealth
 - Level 15.0 Shields
 - Level 13.0 Spellcasting
 + Level 16.7 Conjurations
 - Level 3.0 Hexes
 - Level 10.0 Summonings
 - Level 3.0 Fire Magic
 + Level 8.1 Earth Magic


You couldn't memorise any spells.
You knew the following spells:

 Your Spells              Type           Power      Damage    Failure   Level
a - Lehudib's Crystal Sp  Conj/Erth      34%        10d9      45%         8
c - Fulminant Prism       Conj/Hex       30%        3d16      1%          4
d - Iskenderun's Battles  Conj           79%        2d13      1%          5
e - Sticky Flame          Conj/Fire      60%        2d8       1%          4
f - Stone Arrow           Conj/Erth      100%       3d13      1%          3
g - Orb of Destruction    Conj           39%        9d13      1%          7
h - Iron Shot             Conj/Erth      34%        9d7       1%          6
i - Spellforged Servitor  Conj/Summ      35%        N/A       5%          7

Your spell library contained the following spells:

 Spells                   Type           Power      Damage    Failure   Level
 Starburst                Conj/Fire      30%        6d9       4%          6
 Magic Dart               Conj           100%       1d8       0%          1
 Searing Ray              Conj           100%       2d8       0%          2
 Freeze                   Ice            64%        1d8       1%          1
 Sandblast                Erth           100%       2d20      1%          1
 Shock                    Conj/Air       100%       1d9       1%          1
 Call Imp                 Summ           60%        N/A       1%          2
 Passwall                 Tmut/Erth      30%        N/A       1%          2
 Static Discharge         Conj/Air       55%        N/A       1%          2
 Conjure Flame            Conj/Fire      60%        6-21      1%          3
 Dazzling Flash           Conj/Hex       100%       N/A       1%          3
 Inner Flame              Hex/Fire       31%        N/A       1%          3
 Mephitic Cloud           Conj/Pois/Air  44%        N/A       1%          3
 Summon Guardian Golem    Hex/Summ       48%        N/A       1%          3
 Animate Armour           Summ/Erth      100%       N/A       1%          4
 Hailstorm                Conj/Ice       55%        3d12      1%          4
 Iskenderun's Mystic Bla  Conj/Tloc      55%        2d12      1%          4
 Irradiate                Conj/Tmut      27%        3d23      1%          5
 Lee's Rapid Deconstruct  Erth           27%        3d15*     1%          5
 Poisonous Vapours        Pois/Air       32%        N/A       2%          2
 Ignite Poison            Fire/Tmut/Pois 21%        N/A       3%          3
 Ensorcelled Hibernation  Hex/Ice        46%        N/A       4%          2
 Frozen Ramparts          Ice            32%        1d5       4%          3
 Animate Skeleton         Necr           32%        N/A       5%          1
 Beastly Appendage        Tmut           32%        N/A       5%          1
 Pain                     Necr           64%        1d7       5%          1
 Leda's Liquefaction      Hex/Erth       22%        N/A       5%          4
 Summon Ice Beast         Ice/Summ       41%        N/A       7%          4
 Conjure Ball Lightning   Conj/Air       27%        3x3d8     7%          6
 Corpse Rot               Necr/Air       32%        N/A       8%          2
 Wereblood                Tmut           16%        N/A       8%          2
 Petrify                  Tmut/Erth      36%        N/A       10%         4
 Summon Mana Viper        Hex/Summ       48%        N/A       10%         5
 Summon Cactus Giant      Summ           30%        N/A       13%         6
 Gell's Gravitas          Tloc           16%        N/A       16%         3
 Ozocubu's Armour         Ice            16%        N/A       16%         3
 Spider Form              Tmut/Pois      16%        N/A       16%         3
 Teleport Other           Tloc           16%        N/A       16%         3
 Vampiric Draining        Necr           16%        2d7       16%         3
 Dispel Undead            Necr           16%        3d10      45%         4
 Agony                    Necr           16%        N/A       82%         5
 Blade Hands              Tmut           8%         N/A       82%         5
 Excruciating Wounds      Necr           8%         N/A       82%         5
 Statue Form              Tmut/Erth      24%        N/A       83%         6
 Malign Gateway           Summ/Tloc      20%        N/A       99%         7
 Death Channel            Necr           8%         N/A       100%        6
 Dispersal                Tloc           8%         N/A       100%        6
 Dragon Form              Tmut           8%         N/A       100%        7
 Ozocubu's Refrigeration  Ice            8%         4d6       100%        7
 Ignition                 Fire           15%        3d6       100%        8
 Infestation              Necr           8%         N/A       100%        8
 Maxwell's Capacitive Co  Air            8%         ∞         100%        8
 Polar Vortex             Ice            8%         N/A       100%        9


Dungeon Overview and Level Annotations

Branches:
Dungeon (15/15)            Temple (1/1) D:6            Lair (6/6) D:11
 Shoals (0/4) Lair:4       Spider (2/4) Lair:4        Slime (0/5) Lair:5
    Orc (2/2) D:10            Elf (3/3) Orc:2        Vaults (0/5) D:13
 Depths (0/4) D:15        Volcano (visited)         Desolation (visited)

Altars:
Cheibriados
Gozag
Kikubaaqudgha
Makhleb
Nemelex Xobeh
Qazlal
Ru
Sif Muna
Trog
Vehumet
Wu Jian
Zin
Beogh

Shops:
D:2 [   D:4 *   D:11 (   D:15 (   Orc:2 ??:[   Elf:2 [   Elf:3 (

Portals:
Pandemonium: Orc:2
Trove: D:12 (give 2 scrolls of acquirement)

Annotations:
D:9 2 transporters, fritzmikael's ghost, novice MfGl
Spider:2 Arachne
Elf:2 3 runed translucent doors
Elf:3 1 exclusion


Message History

You are poisoned.
Arachne stares at you and mumbles some strange words.
The bolt of poison hits you!
You are more poisoned.
You resist.
You struggle to detach yourself from the web.
You feel very sick.
Arachne stares at you and mumbles some strange words.
The poison arrow hits you!!
You are more poisoned.
You partially resist.
You struggle to detach yourself from the web.
You feel very sick.
Arachne stares at you and mumbles some strange words.
The bolt of poison hits you! You resist.
Arachne hits you with a staff of poison.
Arachne envenoms you!
Unknown command.
You feel magic leave you.
t - the +5 demon whip "Spellbinder" (weapon)
{antimagic, Will+} You feel sick.
Arachne stares at you and mumbles some strange words.
The bolt of poison hits you!!
You are more poisoned.
* * * LOW HITPOINT WARNING * * *
You struggle to detach yourself from the web.
You feel extremely sick.
Arachne hits you with a staff of poison.
* * * LOW HITPOINT WARNING * * *
Arachne envenoms you!!
* * * LOW HITPOINT WARNING * * *
You are more poisoned.
You feel better.
Arachne points her staff at you, shooting a stream of webbing.
The stream of webbing hits you but does no damage.
You are even more entangled.
Arachne stares at you and mumbles some strange words.
The bolt of poison hits you!!
You are poisoned.
You die...

..##...### ##..#
...##....## #..##
....##....# ##..####
...^.#....## #......###
.....#.....####.......#
..^###....###^###.....#
)###.......#....##....#
.#.............H...####
##.............#@..#
.#........######..##
##........#....####
#######^.##.....# #####
##.#..####...#..###...#####
#.......##...#..##........#
........###..##...........#
........# #.[.#....##.....#
.....>..###.†##...##..#...#


You could see Arachne.

Vanquished Creatures
  Rupert (Lair:3)
  2 deep elf blademasters (Elf:3)
  A deep elf master archer (Elf:3)
  Frances (Spider:1)
  A tengu reaver (D:14)
  Roxanne (Spider:1)
  Aizul (Spider:1)
  2 imperial myrmidons (Desolation)
  6 deep elf sorcerers
  A fire giant (D:14)
  4 deep elf elementalists (Elf:3)
  A war gargoyle (D:12)
  4 deep elf demonologists (Elf:3)
  5 deep elf annihilators
  A dire elephant (D:15)
  A halazid warlock (Desolation)
  7 deep elf death magi
  A crystal guardian (Desolation)
  A great orb of eyes (D:15)
  3 deep elf high priests (Elf:3)
  14 servants of whispers (Desolation)
  A yaktaur captain (D:14)
  6 ragged hierophants (Desolation)
  7 hydras
  2 ogre magi
  5 boulder beetles
  3 vault guards (D:13)
  5 centaur warriors
  A radroach (Spider:2)
  A death knight (D:14)
  2 demonspawn
  9 two-headed ogres
  9 peacekeepers (Desolation)
  12 dancing weapons
  3 tengu warriors
  A nameless horror (Elf:3)
  A death yak (D:11)
  4 deep troll earth magi
  8 orc high priests
  Urug (D:11)
  A hell knight (Volcano)
  2 pharaoh ants (Spider:2)
  Nergalle (D:11)
  9 deep elf knights
  A skeletal warrior (D:12)
  An orb spider (Spider:2)
  A flayed ghost (D:14)
  A lindwurm (shapeshifter) (D:14)
  A deep elf archer (Elf:2)
  4 wizards
  2 ironbound convokers (Desolation)
  10 orc knights
  18 ugly things
  An oklob plant (Lair:5)
  3 wolf spiders
  19 deep elf pyromancers
  14 deep elf zephyrmancers
  7 orc sorcerers
  8 cyclopes
  A salamander (D:15)
  5 manticores
  A moth of wrath (Spider:1)
  19 slime creatures
  5 black mambas
  11 elephants
  A merfolk siren (Lair:4)
  3 guardian serpents (Desolation)
  A molten gargoyle (Desolation)
  An eye of devastation (shapeshifter) (Elf:1)
  A gargoyle (D:13)
  13 cane toads
  4 torpor snails
  5 komodo dragons
  3 demonic crawlers
  A yaktaur (Volcano)
  An ice devil (Orc:2)
  3 unseen horrors
  3 freezing wraiths (D:14)
  A rime drake (Lair:6)
  A hellwing (Orc:1)
  3 polar bears (Lair:6)
  A tengu conjurer (D:13)
  6 trolls
  8 hornets
  6 meliai
  63 saltlings (Desolation)
  9 tarantellas
  5 blink frogs (Lair:2)
  12 spriggans (Lair:6)
  2 air elementals (Elf:3)
  2 culicivoras (Spider:2)
  A shadow (D:12)
  A vampire (D:13)
  A water elemental (Elf:3)
  3 wraiths
  Eustachio (D:5)
  2 jumping spiders (Spider:2)
  6 basilisks
  5 wyverns
  Grum (D:8)
  47 yaks
  2 humans (D:13)
  10 vampire mosquitoes
  14 redbacks
  2 wargs
  A neqoxec (Orc:2)
  A swamp worm (shapeshifter) (Elf:2)
  12 water moccasins
  2 hell hounds (Orc:1)
  7 ice beasts
  44 orc warriors
  A hornet zombie (D:6)
  A sky beast (D:6)
  6 black bears
  4 boggarts (Lair:6)
  2 necrophages (D:5)
  9 ogres
  24 wolves
  A phantom (D:7)
  7 centaurs
  A kobold brigand (D:8)
  16 bullfrogs
  A gnoll sergeant (D:8)
  A wyvern skeleton (D:7)
  A wyvern zombie (D:6)
  2 earth elementals
  3 water moccasin zombies (D:5)
  2 scorpions
  6 killer bees
  13 wights
  3 howler monkeys
  6 electric eels
  3 centaur zombies
  3 jellies
  8 hounds
  2 centaur skeletons
  21 orc priests
  2 bullfrog skeletons
  A gnoll shaman (Orc:2)
  4 iguanas
  2 scorpion zombies (D:5)
  20 orc wizards
  2 hound skeletons
  A hound zombie (D:5)
  2 howler monkey zombies (D:8)
  A howler monkey skeleton (D:7)
  17 gnolls
  5 adders
  2 white imps
  An ufetubus (D:7)
  8 worms
  A dart slug (D:2)
  87 orcs
  2 ball pythons
  3 bats
  A bat skeleton (D:2)
  11 endoplasms
  6 giant cockroaches
  8 goblins
  7 hobgoblins
  5 quokkas
  3 frilled lizards
  11 kobolds
  8 rats
  4 fulminant prisms
980 creatures vanquished.

Vanquished Creatures (collateral kills)
  A deep elf master archer (Elf:3)
  Donald (Spider:2)
  2 deep elf elementalists (Elf:3)
  A deep elf demonologist (Elf:2)
  A deep elf annihilator (Elf:3)
  A dancing weapon (Elf:3)
  A deep elf knight (Elf:3)
  2 jumping spiders (Spider:2)
  An orc warrior (Elf:3)
  An orc (Elf:3)
12 creatures vanquished.

Vanquished Creatures (others)
  A rakshasa (D:14)
  A deep elf knight (Elf:1)
  A boggart (Elf:1)
  49 fulminant prisms
  51 fungi
  157 plants
  A withered plant (Desolation)
261 creatures vanquished.

Grand Total: 1253 creatures vanquished

Notes
Turn   | Place    | Note
-------+----------+-------------------------------------------
     0 | D:1      | Deminshera the Human Conjurer began the quest for the Orb.
     0 | D:1      | Reached XP level 1. HP: 13/13 MP: 3/3
   220 | D:1      | You fall into a shaft and drop 1 floor!
   292 | D:2      | Reached XP level 2. HP: 19/19 MP: 0/5
   295 | D:2      | Learned a level 2 spell: Searing Ray
   437 | D:2      | Found Tulu's Armour Emporium.
  1140 | D:1      | Reached XP level 3. HP: 22/24 MP: 6/6
  2077 | D:2      | Reached XP level 4. HP: 27/30 MP: 3/8
  3990 | D:4      | Found Guehof's Mayhem Merchandise.
  4011 | D:4      | Reached skill level 5 in Conjurations
  4077 | D:4      | Reached XP level 5. HP: 35/35 MP: 10/10
  4082 | D:4      | Learned a level 4 spell: Fulminant Prism
  4710 | D:4      | Noticed a wyvern
  4716 | D:4      | Killed a wyvern
  4717 | D:4      | Reached XP level 6. HP: 41/41 MP: 12/12
  5311 | D:5      | Entered Level 5 of the Dungeon
  5320 | D:5      | Reached XP level 7. HP: 40/46 MP: 12/13
  5708 | D:5      | Reached skill level 6 in Conjurations
  6095 | D:5      | Reached skill level 5 in Spellcasting
  6189 | D:5      | Reached XP level 8. HP: 44/52 MP: 11/15
  6897 | D:5      | Reached skill level 7 in Conjurations
  7498 | D:5      | Reached skill level 8 in Conjurations
  7616 | D:5      | Reached skill level 1 in Fighting
  7913 | D:5      | Noticed Eustachio
  8015 | D:5      | Killed Eustachio
  8016 | D:5      | Reached XP level 9. HP: 24/65 MP: 15/18
  8593 | D:6      | Reached skill level 5 in Fighting
  9616 | D:6      | Found a large runed translucent door.
  9627 | D:6      | Found a large runed translucent door.
  9695 | D:6      | Noticed a two-headed ogre
 10165 | D:6      | Found a large runed translucent door.
 10165 | D:6      | Found a large runed translucent door.
 10422 | D:6      | Got the Compendium of the Suns
 10429 | D:6      | Learned a level 5 spell: Iskenderun's Battlesphere
 10581 | D:6      | Killed a two-headed ogre
 10582 | D:6      | Reached XP level 10. HP: 48/80 MP: 19/19
 10706 | D:6      | Learned a level 4 spell: Sticky Flame
 10883 | D:6      | Found a staircase to the Ecumenical Temple.
 11411 | Temple   | Entered the Ecumenical Temple
 11425 | Temple   | Became a worshipper of Vehumet
 11554 | D:6      | Reached skill level 9 in Conjurations
 12247 | D:7      | Found Haxuepp's Gadget Gallery.
 13299 | D:8      | Identified the +9 dagger "Anuoch" {vorpal, rPois rF++
                  | Will+}
 13472 | D:8      | Reached skill level 10 in Conjurations
 13502 | D:8      | Noticed Grum
 13513 | D:8      | Reached * piety under Vehumet
 13513 | D:8      | Offered knowledge of Sandblast by Vehumet.
 13515 | D:8      | Killed Grum
 14137 | D:8      | Found a burning altar of Makhleb.
 14138 | D:8      | Noticed a blizzard demon
 14143 | D:8      | Found a glowing silver altar of Zin.
 14144 | D:8      | Noticed an angel
 14201 | D:8      | Reached XP level 11. HP: 86/86 MP: 23/23
 14756 | D:9      | Noticed a wizard
 14760 | D:9      | Killed a wizard
 14761 | D:9      | Reached skill level 5 in Dodging
 14761 | D:9      | Reached skill level 5 in Stealth
 14917 | D:9      | Noticed a moth of wrath
 14921 | D:9      | Found a bloodstained altar of Trog.
 14921 | D:9      | Noticed fritzmikael's ghost (novice MfGl)
 14924 | D:9      | Found a transporter.
 14927 | D:9      | Found a transporter.
 14927 | D:9      | Noticed a tengu warrior
 15455 | D:10     | Entered Level 10 of the Dungeon
 15895 | D:10     | Noticed a two-headed ogre
 16348 | D:10     | Reached skill level 1 in Armour
 16537 | D:10     | Killed a two-headed ogre
 16537 | D:10     | Reached ** piety under Vehumet
 16918 | D:10     | Offered knowledge of Shock by Vehumet.
 17026 | D:10     | Found a staircase to the Orcish Mines.
 17232 | D:10     | Noticed a two-headed ogre
 17239 | D:10     | Killed a two-headed ogre
 17769 | D:11     | Noticed a boulder beetle
 18020 | D:11     | Found a staircase to the Lair.
 18036 | D:11     | Noticed a cyclops
 18043 | D:11     | Killed a cyclops
 18045 | D:11     | Noticed a cyclops
 18051 | D:11     | Killed a cyclops
 18179 | D:11     | Noticed a manticore
 18180 | D:11     | Noticed a death yak
 18189 | D:11     | Killed a manticore
 18421 | D:11     | Reached XP level 12. HP: 92/96 MP: 24/25
 18531 | D:11     | Killed a death yak
 18736 | D:11     | Noticed a seven-headed hydra
 18741 | D:11     | Killed a seven-headed hydra
 18742 | D:11     | Reached skill level 5 in Armour
 19032 | D:11     | Reached skill level 1 in Fire Magic
 19336 | D:11     | Found Aklas's Antique Weapon Shoppe.
 19388 | D:11     | Identified the +4 scale mail of the Apothecary {Int+5}
 19388 | D:11     | Noticed Urug
 19403 | D:11     | Killed Urug
 19404 | D:11     | Reached skill level 10 in Fighting
 19810 | D:11     | Noticed Nergalle
 19811 | D:11     | Noticed a boulder beetle
 20155 | D:11     | Killed Nergalle
 20156 | D:11     | Reached skill level 10 in Spellcasting
 20353 | Lair:1   | Entered Level 1 of the Lair of Beasts
 20358 | Lair:1   | You fall into a shaft and drop 1 floor!
 20366 | Lair:2   | Noticed an eight-headed hydra
 20405 | Lair:2   | Killed an eight-headed hydra
 20726 | Lair:2   | Noticed a seven-headed hydra
 20746 | Lair:2   | Killed a seven-headed hydra
 22287 | Lair:1   | Reached skill level 5 in Shields
 22292 | Lair:1   | Reached XP level 13. HP: 78/103 MP: 4/27
 22574 | Lair:1   | Identified 2 scrolls of acquirement
 22578 | Lair:1   | Acquired the +4 moon troll leather armour {Spirit, Regen++
                  | MP+5}
 22578 | Lair:1   | Found the +4 moon troll leather armour {Spirit, Regen++
                  | MP+5}
 22613 | Lair:1   | Acquired 958 gold pieces
 23396 | Lair:2   | Offered knowledge of Stone Arrow by Vehumet.
 23401 | Lair:2   | Learned a level 3 spell: Stone Arrow
 24904 | Lair:3   | Noticed Rupert
 24917 | Lair:3   | Killed Rupert
 25596 | Lair:4   | Reached skill level 11 in Conjurations
 25951 | Lair:4   | Found a hole to the Spider Nest.
 26572 | Lair:4   | Reached *** piety under Vehumet
 27730 | Lair:4   | Found a staircase to the Shoals.
 28616 | Lair:5   | Found a runed translucent door.
 28788 | Lair:5   | Reached XP level 14. HP: 110/110 MP: 12/28
 28790 | Lair:5   | Offered knowledge of Inner Flame by Vehumet.
 28791 | Lair:5   | Reached skill level 12 in Conjurations
 29047 | Lair:5   | Reached skill level 10 in Shields
 29071 | Lair:5   | Found a staircase to the Slime Pits.
 30068 | Lair:5   | Got the Reference Book on the Dark Rocks
 30163 | Lair:6   | Entered Level 6 of the Lair of Beasts
 30873 | Lair:6   | Reached **** piety under Vehumet
 31551 | Lair:6   | Offered knowledge of Lightning Bolt by Vehumet.
 33780 | D:10     | Found a staircase to the Orcish Mines.
 35059 | D:12     | Noticed a war gargoyle
 35857 | D:12     | Reached XP level 15. HP: 115/115 MP: 29/29
 35987 | D:12     | Found a portal to a secret trove of treasure.
 36943 | D:13     | Reached ***** piety under Vehumet
 37204 | D:13     | Reached skill level 15 in Shields
 38885 | D:13     | Offered knowledge of Orb of Destruction by Vehumet.
 38896 | D:13     | Learned a level 7 spell: Orb of Destruction
 39013 | D:13     | Found a gate to the Vaults.
 41165 | D:14     | Found a stormy altar of Qazlal.
 41181 | D:14     | Noticed a fire giant
 41182 | D:14     | Found a runed translucent door.
 41183 | D:14     | Noticed a tengu reaver
 41184 | D:14     | Found the +3 warlock's mirror {reflect}
 42473 | D:14     | Reached skill level 13 in Conjurations
 43479 | D:14     | Killed a tengu reaver
 43549 | D:14     | Reached XP level 16. HP: 126/126 MP: 15/31
 43914 | D:14     | Killed a fire giant
 44471 | D:14     | Identified the +4 quarterstaff of Mutwus {drain, MP+9 Str-2
                  | Int+2}
 44546 | D:15     | Entered Level 15 of the Dungeon
 44865 | D:15     | Found Wocoaxt's Antique Weapon Shop.
 45425 | D:15     | Found a staircase to the Depths.
 46506 | D:12     | Reached skill level 14 in Conjurations
 46574 | Orc:1    | Entered Level 1 of the Orcish Mines
 46717 | Orc:1    | Found a dark tunnel.
 46725 | Volcano  | Entered a volcano
 47505 | Orc:2    | Entered Level 2 of the Orcish Mines
 47561 | Orc:2    | Offered knowledge of Olgreb's Toxic Radiance by Vehumet.
 47658 | Orc:2    | Found a staircase to the Elven Halls.
 47665 | Orc:2    | Found Asit's Magic Scroll Shoppe.
 47762 | Orc:2    | Reached skill level 15 in Conjurations
 47915 | Orc:2    | Found Ojiangi's Magic Scroll Emporium.
 48851 | Orc:2    | Offered knowledge of Yara's Violent Unravelling by Vehumet.
 49232 | Orc:2    | Bought a scroll of teleportation for 45 gold pieces
 49232 | Orc:2    | Bought a scroll of teleportation for 45 gold pieces
 49232 | Orc:2    | Bought a scroll of magic mapping for 52 gold pieces
 49234 | Orc:2    | Bought a scroll of magic mapping for 49 gold pieces
 49234 | Orc:2    | Bought a scroll of blinking for 105 gold pieces
 49590 | Orc:2    | Reached XP level 17. HP: 121/133 MP: 19/33
 49847 | Orc:2    | Found Oxygaas's Antique Armour Shop.
 49847 | Orc:2    | Found a one-way gate leading to the halls of Pandemonium.
 49847 | Orc:2    | Found Uraosyni's Book Boutique.
 49853 | Orc:2    | Bought a pair of gloves for 94 gold pieces
 49860 | Orc:2    | Bought a book of Iron for 468 gold pieces
 49868 | Orc:2    | Learned a level 6 spell: Iron Shot
 50363 | Elf:1    | Entered Level 1 of the Elven Halls
 52890 | Elf:1    | Reached skill level 1 in Earth Magic
 53118 | Elf:2    | Found a crumbling gateway.
 53123 | Desolati | Entered the Desolation of Salt
 53621 | Desolati | Identified the +1 leather armour of Gihoneco {Rampage Drain
                  | rC+ Regen+}
 53855 | Desolati | Got the Papyrus of the Wary Quests
 54120 | Desolati | Got the Incunabulum of Enchantment and Summoning
 54125 | Desolati | Identified the amulet "Xaah" {Acrobat +Blink Regen+ Str+2}
 54132 | Desolati | Identified the +1 troll leather armour "Dywkaaxe" {rElec
                  | Regen+ rCorr Dex+3}
 54430 | Desolati | Got the Incunabulum of Excruciating Earth
 54974 | Desolati | Identified the ring of Circularity {*Slow rElec rN+ MP+9}
 54979 | Desolati | Got Dispater's Disquisition on Companions
 55371 | Desolati | Got the Catalogue of Ice
 55375 | Desolati | Reached skill level 10 in Stealth
 55471 | Desolati | Reached XP level 18. HP: 142/142 MP: 28/34
 55550 | Desolati | Identified the +4 scimitar of Eternal Night {freeze, rC-
                  | Will+ Int+4}
 56305 | Desolati | Got the Grimoire of Flames and the Rocks
 56326 | Desolati | Offered knowledge of Spellforged Servitor by Vehumet.
 56336 | Desolati | Learned a level 7 spell: Spellforged Servitor
 56529 | Desolati | Reached skill level 5 in Earth Magic
 56929 | Elf:2    | Found a runed translucent gate.
 56929 | Elf:2    | Found a runed translucent gate.
 56939 | Elf:2    | Found a runed translucent gate.
 56964 | Elf:2    | Found Hemamaj's Armour Emporium.
 57102 | Elf:2    | Bought the +2 hood of the Assassin {Detection Stab+
                  | Stlth++} for 780 gold pieces
 57102 | Elf:2    | Found the +2 hood of the Assassin {Detection Stab+ Stlth++}
 57363 | Elf:2    | Paralysed by an air elemental for 1 turns
 57366 | Elf:2    | Paralysed by an air elemental for 1 turns
 57370 | Elf:3    | Entered Level 3 of the Elven Halls
 57435 | Elf:3    | Reached skill level 16 in Conjurations
 57975 | Elf:3    | Paralysed by an air elemental for 1 turns
 58424 | Elf:1    | Reached skill level 1 in Summonings
 60524 | D:2      | Bought a +0 pair of boots of stealth for 126 gold pieces
 61269 | Elf:3    | Found Zafups's Antique Weapon Shop.
 61401 | Elf:3    | Reached skill level 5 in Summonings
 61959 | Elf:3    | Noticed a Hell Sentinel
 61962 | Elf:3    | Noticed an Executioner
 61970 | Elf:3    | Noticed a deep elf blademaster
 61971 | Elf:3    | Noticed a deep elf blademaster
 61972 | Elf:3    | Noticed a deep elf master archer
 61976 | Elf:3    | HP: 7/143 [sixfirhy[a deep elf demonologist] (3)]
 62948 | Elf:3    | Killed a deep elf master archer
 62949 | Elf:3    | Reached XP level 19. HP: 102/149 MP: 23/36
 63356 | Elf:3    | Identified the +4 leather armour of Olatouno {rPois}
 63574 | Elf:3    | Identified the +1 plate armour of Lucidity {-Tele Fly rPois
                  | rCorr}
 63574 | Elf:3    | Noticed a deep elf blademaster
 63589 | Elf:3    | Killed a deep elf blademaster
 64068 | Elf:3    | Reached skill level 10 in Summonings
 64282 | Elf:3    | Identified the +8 war axe of Fate {vorpal, rC+ Str+3}
 64560 | Elf:3    | Identified the +5 mace of Palicw {vorpal, rElec rF+ rN+
                  | SInv}
 64560 | Elf:3    | Identified the ring of the Vendetta {Fire *Slow rPois Will+
                  | Int+3}
 64822 | Elf:3    | Killed a deep elf blademaster
 65127 | Elf:3    | Learned a level 8 spell: Lehudib's Crystal Spear
 65149 | Elf:3    | Identified the +2 cloak of the Unstoppable Runes {Fly
                  | Will+}
 65569 | Spider:1 | Entered Level 1 of the Spider Nest
 65620 | Spider:1 | Identified Roxanne's Compendium of Earth
 65620 | Spider:1 | Noticed Roxanne
 65631 | Spider:1 | Killed Roxanne
 66170 | Spider:1 | Noticed Aizul
 66178 | Spider:1 | Killed Aizul
 66185 | Spider:1 | Noticed Frances
 66197 | Spider:1 | Killed Frances
 67188 | Spider:1 | You are sucked into a shaft and drop 1 floor!
 68372 | Spider:2 | Noticed Donald
 68388 | Spider:2 | Killed Donald
 68558 | Spider:2 | Reached ****** piety under Vehumet
 68769 | Spider:2 | Offered knowledge of Starburst by Vehumet.
 69000 | Spider:2 | Noticed Arachne
 69056 | Spider:2 | HP: 5/149 [Arachne (22)]
 69057 | Spider:2 | Killed from afar by Arachne

Illustrated notes

Levels and vault maps discovered:
D:1:      dpeg_arrival_ratfight, layout_basic, minivault_4
D:2:      minmay_razor_zed, layout_basic, serial_shops,
          nicolae_shop_competitors_out_of_business,
          minmay_misc_feat_secret_circle
D:3:      layout_loops_ring, nicolae_wormholes
D:4:      layout_basic, minmay_shop_mayhem, minmay_misc_feat_more_columns,
          serial_bayou_ford_a
D:5:      layout_loops_corners, minmay_hedge_maze, nzn_random_ring,
          uniq_eustachio
D:6:      layout_basic, temple_pool_b, serial_bayou, serial_bayou_lagoon_a,
          serial_bayou_lake_a, serial_bayou_shore_a, serial_bayou_shore_b,
          minmay_hollow_rounded_squares
D:7:      layout_rooms, nicolae_shop_gadgets
D:8:      layout_layer_cave, grunt_temple_overflow_order_and_chaos_2,
          grunt_decor_arrowhead, uniq_grum
D:9:      layout_cross, gammafunk_ghost_wrathful_warriors
D:10:     layout_loops_ring, david_orc_3
D:11:     layout_roguey, david_lair_generic, serial_shops, shop, uniq_nergalle,
          uniq_urug
D:12:     layout_loops_ring, enter_trove_2, wad_dig_loot
D:13:     layout_loops_ring, grunt_vaults_entry_fortified
D:14:     minmay_gate_of_8, layout_grid_maze, nicolae_qazlal_scattered_showers
D:15:     hangedman_depths_entry_try_elsewhere_first, layout_layer_cave,
          serial_shops, shop, nicolae_figureground_pulse
Temple:   regret_index_temple_chain_breaker
Lair:1:   layout_loops_ring
Lair:2:   layout_layer_cave, st_stairs_12, infiniplex_staircase_pool
Lair:3:   layout_chaotic_city, minivault_26, uniq_rupert
Lair:4:   layout_roguey, minmay_shoals_entry_lonely_mermaid,
          spider_nest_entry_web_field, grunt_megastairs_3,
          infiniplex_staircase_pool_2
Lair:5:   layout_loops_ring, dpeg_slime_entry_corner, st_stairs_13,
          pf_torpor_hydra
Lair:6:   minmay_lair_end_enchanted_forest, layout_small_grid,
          wad_woods_river_04
Spider:1: layout_spider_delve, hangedman_spider_tarantella_strand, uniq_roxanne,
          uniq_aizul, uniq_frances
Spider:2: layout_spider_delve, uniq_azrael, uniq_donald, uniq_arachne
Orc:1:    layout_diamond_mine, basic_altar, enter_volcano_3
Orc:2:    pf_orc_diabolical, layout_caves, nicolae_orc_sculptors_studio,
          lemuel_statue_altar
Elf:1:    eino_elf_arrival_the_gate, layout_loops_cross,
          hangedman_elf_disciples, minmay_strange_pillars
Elf:2:    elven_hall_of_blades_hangedman_original
          [nicolae_blade_entry_pointy_end], layout_onion_city,
          portal_desolation_entry_ruin, serial_shops, shop
Elf:3:    minmay_elf_hall_quartered_circle, layout_loops_ring, serial_shops,
          nicolae_shop_window_shopping

Skill      XL: |  1  2  3  4  5  6  7  8  9 10 11 12 13 14 15 16 17 18 19 |
---------------+----------------------------------------------------------+-----
Spellcasting   | 3 4 5 6 8 9 10 11 12 13 | 13.0
Conjurations   | 5 6 8 10 11 12 13 15 16 | 16.7
Hexes          | 2 3 |  3.0
Fighting       | 3 8 9 10 11 12 13 | 13.0
Stealth        | 3 5 7 10 | 10.0
Dodging        | 3 5 7 |  7.0
Armour         | 4 5 7 |  7.0
Fire Magic     | 3 |  3.0
Shields        | 5 9 14 15 | 15.0
Earth Magic    | 3 6 8 |  8.1
Summonings     | 8 10 | 10.0

Action                   |  1- 3 |  4- 6 |  7- 9 | 10-12 | 13-15 | 16-18 | 19-21 || total
-------------------------+-------+-------+-------+-------+-------+-------+-------++-------
Melee: Whip              |    20 |       |    33 |     1 |       |       |       ||    54
       Dagger            |       |       |       |    15 |   129 |    61 |    30 ||   235
       Demon whip        |       |       |       |       |       |       |    26 ||    26
 Cast: Magic Dart        |    51 |   114 |    87 |   310 |    52 |    16 |       ||   630
       Searing Ray       |       |     5 |    50 |    17 |     4 |       |       ||    76
       Fulminant Prism   |       |       |    16 |    19 |    11 |     7 |       ||    53
       Iskenderun's Batt |       |       |     3 |    82 |    55 |    66 |    11 ||   217
       Sticky Flame      |       |       |       |    12 |    54 |    15 |     1 ||    82
       Stone Arrow       |       |       |       |       |   499 |   727 |   102 ||  1328
       Orb of Destructio |       |       |       |       |    42 |    61 |     2 ||   105
       Iron Shot         |       |       |       |       |       |    74 |    77 ||   151
       Spellforged Servi |       |       |       |       |       |     9 |     9 ||    18
       Lehudib's Crystal |       |       |       |       |       |       |     1 ||     1
Evoke: Wand              |       |       |     3 |     2 |       |     2 |     1 ||     8
  Use: Scroll            |       |       |       |    20 |    16 |    17 |     1 ||    54
       Potion            |       |       |       |     4 |       |     6 |     1 ||    11
 Stab: Sleeping          |     1 |       |       |       |     1 |     1 |       ||     3
       Distracted        |       |       |       |       |       |       |     1 ||     1
Armor: Robe              |     5 |     5 |    45 |     9 |       |    72 |       ||   136
       Leather armour    |       |       |       |    85 |     3 |       |       ||    88
       Troll leather arm |       |       |       |       |   193 |    91 |    87 ||   371
Dodge: Dodged            |    18 |    12 |   100 |   125 |   356 |   308 |   151 ||  1070
Block: Kite shield       |       |       |       |     3 |   370 |     3 |       ||   376
       Buckler           |       |       |       |       |       |   288 |   116 ||   404
       Reflection        |       |       |       |       |       |    38 |     9 ||    47

Table legend: (Time is in decaauts)
 A = Elapsed time spent in this place.
 B = Non-inter-level travel time spent in this place.
 C = Inter-level travel time spent in this place.
 D = Time resting spent in this place.
 E = Time spent auto-exploring this place.
 F = Levels seen in this place.
 G = Mean time per level.
                   A        B        C        D        E       F      G
               +--------+--------+--------+--------+--------+-----+--------+
         Total |  69269 |  67061 |   2208 |  37210 |  21039 |  31 | 2234.5 |
       Dungeon |  34020 |  32920 |   1100 |  16663 |  12442 |  15 | 2268.0 |
        Temple |     24 |      7 |     17 |      0 |      2 |   1 |   24.0 |
          Lair |  13186 |  12736 |    450 |   6464 |   4905 |   6 | 2197.7 |
   Spider Nest |   3512 |   3512 |      0 |   2704 |    409 |   2 | 1756.0 |
  Orcish Mines |   4567 |   4262 |    305 |   2403 |   1096 |   2 | 2283.5 |
   Elven Halls |  10141 |   9807 |    334 |   6456 |   1793 |   3 | 3380.3 |
       Volcano |     75 |     75 |      0 |      3 |      0 |   1 |   75.0 |
    Desolation |   3741 |   3741 |      0 |   2516 |    392 |   1 | 3741.0 |
               +--------+--------+--------+--------+--------+-----+--------+

Top non-repeatable levels by time:
   Elf:3: 5435 daAuts
    D:14: 4629 daAuts
     D:5: 3929 daAuts
Desolation: 3741 daAuts
    D:13: 3657 daAuts
  Lair:6: 3169 daAuts
  Lair:4: 3034 daAuts
     D:6: 2989 daAuts
    D:11: 2924 daAuts
   Elf:1: 2897 daAuts
    D:10: 2709 daAuts
   Orc:2: 2619 daAuts
  Lair:2: 2444 daAuts
    D:12: 2199 daAuts
     D:2: 1962 daAuts
